 Dungeon Crawl Stone Soup version 0.16-a0-3843-ged98c6c (webtiles) character file.

166852 abixa the Slayer (level 17, 21/206 HPs)
             Began as an Ogre Hunter on Jan 28, 2015.
             Was the Champion of Okawaru.
             Quit the game on level 4 of the Swamp on Jan 30, 2015.
             The game lasted 05:24:27 (45347 turns).

abixa the Slayer (Ogre Hunter)                     Turns: 45347, Time: 05:24:27

Health: 21/206     AC:  7    Str: 20    XL:     17   Next: 91%
Magic:  27/29      EV: 23    Int:  8    God:    Okawaru [******]
Gold:   2246       SH:  0    Dex: 15    Spells: 0 memorised, 16 levels left

rFire  . . .     SeeInvis +     a - +3 g.spiked club {drain, rN+ Int+3}
rCold  + . .     Clarity  .     P - +2 robe of the Butterfly {+Inv SInv}
rNeg   + + +     SustAb   .     (shield restricted)
rPois  +         Gourm    .     S - +0 hat of the Echidna {rN+ MR+ Str+3 Int-5 Slay+3}
rElec  +         Spirit   .     p - +1 cloak "Omoqatig" {rElec rN+ MR+ Regen+ Str-4}
rCorr  .         Warding  +     (gloves unavailable)
rMut   .         Stasis   .     (boots unavailable)
MR     +++..                    X - amulet of warding
Stlth  +++.......               G - ring of protection from cold
                                V - ring of poison resistance

@: heroism, extremely resistant to hostile enchantments, fairly stealthy
A: unfitting armour, beak, tough skin 1
a: Heroism, Finesse, Renounce Religion, Evoke Invisibility


You were on level 4 of the Swamp.
You worshipped Okawaru.
Okawaru was exalted by your worship.
You were not hungry.

You visited 5 branches of the dungeon, and saw 33 of its levels.
You visited 1 bazaar.
You also visited: Labyrinth, Sewer and Ice Cave.

You collected 3271 gold pieces.
You spent 1025 gold pieces at shops.

Inventory:

Hand weapons
 a - the +3 giant spiked club of the Special Eyes (weapon) {drain, rN+ Int+3}
   (You found it on level 8 of the Lair of Beasts)

   A truly terrible weapon, it drains the life of those it strikes.
   It affects your intelligence (+3).
   It protects you from negative energy.
 q - a +8 blowgun
Missiles
 c - 6 throwing nets
 f - 28 poisoned needles
 k - 15 curare-tipped needles
 t - 3 javelins
 A - 6 javelins of returning
 L - 9 needles of confusion
 Z - 15 large rocks (quivered)
Armour
 p - the +1 cloak "Omoqatig" (worn) {rElec rN+ MR+ Regen+ Str-4}
   (You acquired it on level 14 of the Dungeon)

   It affects your strength (-4).
   It insulates you from electricity.
   It protects you from negative energy.
   It affects your resistance to hostile enchantments.
   It increases your rate of regeneration.
 P - the +2 robe of the Butterfly (worn) {+Inv SInv}
   (Okawaru gifted it to you on level 4 of the Lair of Beasts)

   It enhances your eyesight.
   It lets you turn invisible.
 S - the +0 hat of the Echidna (worn) {rN+ MR+ Str+3 Int-5 Slay+3}
   (Okawaru gifted it to you on level 8 of the Lair of Beasts)

   It affects your strength (+3).
   It affects your intelligence (-5).
   It affects your accuracy and damage with ranged weapons and melee attacks
   (+3).
   It protects you from negative energy.
   It affects your resistance to hostile enchantments.
Jewellery
 u - an uncursed ring of protection from fire
 G - a ring of protection from cold (right hand)
 V - a ring of poison resistance (left hand)
 W - an uncursed ring of protection from magic
 X - an amulet of warding (around neck)
Magical devices
 j - a wand of fire (9)
 o - a wand of cold (6)
 w - a wand of confusion (20)
 x - a wand of paralysis (16)
 Q - a wand of digging (12)
 R - a wand of disintegration (15)
Scrolls
 b - a scroll of enchant weapon
 g - 4 scrolls of identify
 i - 3 scrolls of summoning
 l - 9 scrolls of teleportation
 m - 11 scrolls of remove curse
 r - 2 scrolls of fog
 s - 5 scrolls of magic mapping
 z - 3 scrolls of blinking
 H - a scroll of enchant armour
 J - 5 scrolls of fear
 T - a scroll of vulnerability
Potions
 d - a potion of berserk rage
 h - 6 potions of flight
 E - 4 potions of agility
 F - 3 potions of cancellation
 K - 4 potions of curing
 M - 10 potions of might
 N - 5 potions of haste
 O - 6 potions of heal wounds
Books
 e - a book of the Earth

   Spells                             Type                      Level
   a - Leda's Liquefaction            Hexes/Earth                  4
   b - Bolt of Magma                  Conjuration/Fire/Earth       5
   c - Statue Form                    Transmutation/Earth          6
   d - Iron Shot                      Conjuration/Earth            6
   e - Shatter                        Earth                        9
Miscellaneous
 n - a fan of gales
 y - a fan of gales
Comestibles
 v - 2 beef jerkies
 B - a bread ration
 C - 11 fruits


   Skills:
 + Level 21.6(26.6) Fighting
 - Level 17.9(22.9) Maces & Flails
 - Level 11.7(16.7) Throwing
 + Level 15.2(20.2) Dodging
 - Level 5.0(10.0) Stealth
 - Level 9.0 Invocations


You had 16 spell levels left.
You didn't know any spells.

Dungeon Overview and Level Annotations

Branches:
Dungeon (15/15)            Temple (1/1) D:7            Lair (8/8) D:9
  Swamp (5/5) Lair:4       Spider (0/5) Lair:4        Slime (0/6) Lair:6
    Orc (4/4) D:11            Elf (0/3) Orc:4        Vaults (0/5) D:14
 Depths (0/5) D:15

Altars:
Ashenzari
Cheibriados
Dithmenos
Elyvilon
Fedhas
Gozag
Kikubaaqudgha
Makhleb
Nemelex Xobeh
Okawaru
Qazlal
Ru
Sif Muna
Trog
Vehumet
Xom
Yredelemnul
Zin
The Shining One
Beogh
Lugonu

Shops:
D:13 %   Orc:4 *?}*!


Innate Abilities, Weirdness & Mutations

You are too large for most types of armour.
You have tough skin (AC +1).
You have a beak for a mouth.


Message History

The swamp drake completely misses you. The thorn hunter hits you!!
The thorn hunter hits you!!
* * * LOW HITPOINT WARNING * * *
Use which ability? (? or * to list)
You gain the combat prowess of a mighty hero.
You feel slightly more hungry. The swamp drake bites you.
* * * LOW HITPOINT WARNING * * *
The thorn hunter misses you. The thorn hunter hits you!
* * * LOW HITPOINT WARNING * * *
You hit the thorn hunter.
The thorn hunter is almost destroyed.
The thorn hunter hits you.
* * * LOW HITPOINT WARNING * * *
The thorn hunter completely misses you. The swamp drake completely misses you.
You closely miss the thorn hunter.
The thorn hunter is almost destroyed.
The thorn hunter fires a volley of thorns at you.
The volley of thorns misses you. The swamp drake bites you.
* * * LOW HITPOINT WARNING * * *
Are you sure you want to abandon this character and quit the game? (Confirm with "yes".)

♣♣≈.≈≈♣♣♣ ♣♣...≈≈♣≈§..≈≈≈≈≈≈≈...♣.
♣..≈≈≈≈.♣♣♣....♣♣♣♣♣≈.≈≈≈≈≈....♣♣♣
♣♣≈≈≈≈≈..♣♣.≈≈≈≈♣§....≈≈≈≈≈.<..♣
♣♣§.≈≈≈≈.≈§.≈≈...÷.≈.≈≈≈≈≈....♣♣
♣♣♣..≈≈.≈.≈≈...≈....≈≈≈≈≈≈≈..(♣
♣♣.≈≈≈..≈....≈≈...≈≈≈≈≈≈≈≈≈≈♣
♣≈≈..≈≈≈..♣≈.≈≈≈≈♣.≈≈≈≈≈≈.≈.♣♣
♣♣♣♣♣.≈P≈.♣♣fk♣♣♣≈...≈≈≈.≈...§
♣≈≈≈≈≈♣♣@≈♣♣♣♣.≈......≈...
♣♣≈≈≈≈♣≈≈≈§♣♣♣.≈...≈≈≈≈.≈.
♣.≈≈≈≈♣≈≈≈≈♣♣≈≈≈...≈≈....
♣≈≈≈≈..≈≈≈.♣♣.≈..≈.§♣≈.≈♣ ♣♣♣♣♣♣
♣♣.≈≈≈≈≈≈≈.♣≈.≈..≈.≈♣♣♣♣♣
♣≈≈≈≈♣♣♣♣.≈≈≈..≈.)♣≈≈≈(..≈≈.≈♣♣♣
♣♣.≈≈≈.≈≈≈.≈≈.....♣♣≈≈≈≈...≈≈≈.♣≈
♣≈≈≈≈≈.≈≈≈≈..≈≈..≈♣♣.≈≈≈≈..≈≈.P.≈
♣♣≈≈≈.≈..n..≈♣.≈≈♣♣♣♣♣♣♣≈≈≈≈.≈.≈♣.


You could see a thorn hunter and a swamp drake.

Vanquished Creatures
  Norris (Swamp:3)
  A thorn hunter (Swamp:3)
  Frances (D:15)
  Roxanne (Swamp:4)
  Jorgrun (Swamp:4)
  2 blizzard demons (IceCv)
  Snorg (Swamp:1)
  An ettin (Orc:3)
  4 vault guards (D:14)
  A minotaur (Lab)
  A ghost crab (Swamp:1)
  Fannar (D:11)
  Harold (Lair:6)
  Nessos (D:14)
  26 hydras
  4 centaur warriors
  9 alligators
  A death yak (Lair:5)
  3 orc high priests (Orc:4)
  2 soul eaters (D:15)
  Nergalle (D:12)
  Erolcha (D:10)
  A spriggan druid (Swamp:4)
  5 ice devils (IceCv)
  7 swamp dragons
  2 unseen horrors (D:11)
  An ice statue (IceCv)
  A necromancer (D:15)
  An obsidian statue (D:15)
  9 hill giants
  The ghost of timbw the Slasher, an experienced DgFi (D:8)
  A hornet (Swamp:2)
  A wolf spider zombie (D:15)
  2 griffons
  7 orc knights
  A wolf spider (Lair:8)
  4 orc sorcerers
  An oklob plant (Lair:3)
  7 black mambas
  2 manticores
  3 cyclopes
  7 ugly things
  20 elephants (Lair:6)
  4 guardian serpents
  A kobold demonologist (D:13)
  2 torpor snails
  3 naga magi (D:15)
  An orange demon (D:15)
  A gargoyle (D:14)
  16 spiny frogs
  2 golden dragon simulacra (IceCv)
  A fire drake (Lair:7)
  5 anaconda simulacra (IceCv)
  8 komodo dragons
  9 giant leeches
  A blue devil (IceCv)
  10 polar bears
  Sonja (D:15)
  A boulder beetle (Lair:8)
  2 trolls
  5 freezing wraiths
  A red devil (D:15)
  Prince Ribbit (D:8)
  10 bog bodies
  21 slime creatures
  8 baby alligators (Swamp:3)
  20 blink frogs
  3 raiju (Lair:8)
  A two-headed ogre (D:11)
  A blink frog (shapeshifter) (D:15)
  69 yaks
  4 ravens
  A trapdoor spider (D:13)
  2 shadows
  A redback (Lair:8)
  6 spriggans
  4 hungry ghosts
  4 deep elf magi
  3 basilisks
  3 wyverns (Lair:8)
  2 steam dragons
  A human (D:6)
  14 vampire mosquitoes
  A deep elf fighter (D:9)
  2 centaur simulacra (D:15)
  An orc skeleton (Orc:4)
  10 hippogriffs
  A chaos spawn (D:15)
  18 insubstantial wisps
  27 swamp worms
  2 mottled dragons
  2 harpy simulacra (IceCv)
  10 wargs
  2 hydra simulacra (IceCv)
  25 water moccasins
  3 iron troll simulacra (IceCv)
  21 wolves
  3 hell hounds (Lair:8)
  11 porcupines
  15 spiders
  5 wasps
  22 orc warriors
  An eye of draining (D:14)
  3 sky beasts
  15 black bears
  5 phantoms
  17 ogres
  10 ice beasts
  A boring beetle (Lair:5)
  18 centaurs
  10 swamp drakes
  5 ettin simulacra (IceCv)
  4 big kobolds
  18 crocodiles
  14 giant frogs
  3 wyvern zombies
  A gnoll sergeant (D:7)
  A water moccasin zombie (D:12)
  3 scorpions
  A wyvern skeleton (D:8)
  2 yak zombies (D:13)
  2 elephant simulacra (IceCv)
  15 killer bees
  A yak skeleton (Orc:4)
  4 electric eels
  8 wights
  A vampire bat (Orc:4)
  26 hounds
  4 crimson imps
  3 giant frog zombies
  2 jellies
  7 centaur zombies
  13 centaur skeletons
  2 goliath beetles (D:8)
  28 orc priests
  2 draconian simulacra (IceCv)
  10 worker ants
  A giant frog skeleton (D:11)
  2 spriggan simulacra (IceCv)
  A quasit (D:8)
  Natasha (thrice) (D:5)
  10 iguanas
  35 orc wizards
  A killer bee zombie (D:7)
  19 sheep
  Ijyb (D:2)
  2 troll simulacra (IceCv)
  3 hound skeletons
  A mummy (D:14)
  10 gnolls
  A worker ant zombie (D:5)
  An ogre simulacrum (IceCv)
  64 river rats
  40 adders
  3 naga simulacra (IceCv)
  6 shadow imps
  2 giant mites
  22 white imps
  2 worms
  6 ufetubi (IceCv)
  4 orc zombies
  4 giant geckos
  An ooze (D:3)
  182 orcs
  3 bat skeletons (D:8)
  2 bat zombies
  3 giant cockroaches
  25 hobgoblins
  9 jackals
  14 quokkas
  6 ball pythons
  A ball python zombie (D:5)
  37 bats
  A giant gecko zombie (D:5)
  3 giant newts
  A giant spore (D:10)
  27 goblins
  20 kobolds
  A quokka skeleton (D:9)
  A quokka zombie (D:9)
  25 rats
  6 rat skeletons (Orc:4)
  12 ballistomycetes
  6 fungi
  11 plants
1484 creatures vanquished.

Vanquished Creatures (collateral kills)
  A cyclops (D:12)
1 creature vanquished.

Vanquished Creatures (others)
  An alligator (Swamp:3)
  An unseen horror (D:14)
  A spriggan (Swamp:5)
  An orc priest (Orc:4)
  A giant spore (D:13)
  19 fungi
  11 plants
35 creatures vanquished.

Grand Total: 1520 creatures vanquished

Notes
Turn   | Place    | Note
--------------------------------------------------------------
     0 | D:1      | abixa, the Ogre Hunter, began the quest for the Orb.
     0 | D:1      | Reached XP level 1. HP: 22/22 MP: 1/1
   342 | D:1      | Reached XP level 2. HP: 24/31 MP: 2/2
  1027 | D:1      | Reached skill level 1 in Maces & Flails
  1168 | D:2      | Found a shadowy altar of Dithmenos.
  1212 | D:2      | Reached XP level 3. HP: 39/39 MP: 3/3
  1365 | D:2      | Found a white marble altar of Elyvilon.
  1535 | D:2      | Found a glowing silver altar of Zin.
  1536 | D:2      | Found an opulent altar of Gozag.
  1586 | D:2      | Noticed Ijyb
  1676 | D:2      | Killed Ijyb
  1676 | D:2      | Reached XP level 4. HP: 19/48 MP: 4/4
  2739 | D:3      | Reached skill level 5 in Maces & Flails
  2758 | D:3      | Reached XP level 5. HP: 42/54 MP: 5/5
  3337 | D:3      | Found a burning altar of Makhleb.
  3346 | D:3      | Reached skill level 6 in Maces & Flails
  3444 | D:4      | Found a sparkling altar of Nemelex Xobeh.
  3477 | D:4      | Reached XP level 6. HP: 48/62 MP: 6/6
  3483 | D:4      | Reached skill level 7 in Maces & Flails
  3577 | D:4      | Noticed an ogre
  3687 | D:4      | Killed an ogre
  3689 | D:4      | Reached skill level 8 in Maces & Flails
  3717 | D:4      | Noticed a phantom
  3783 | D:4      | Found a stormy altar of Qazlal.
  3819 | D:4      | Found a glowing drain.
  3918 | Sewer    | Entered a sewer
  4059 | Sewer    | Reached skill level 9 in Maces & Flails
  4059 | Sewer    | Reached XP level 7. HP: 53/68 MP: 7/7
  4603 | D:4      | Killed a phantom
  4603 | D:4      | Reached skill level 5 in Fighting
  5057 | D:4      | Reached XP level 8. HP: 38/84 MP: 8/8
  5333 | D:5      | Entered Level 5 of the Dungeon
  5345 | D:5      | Reached skill level 10 in Maces & Flails
  5579 | D:5      | Noticed Natasha
  5582 | D:5      | Killed Natasha
  5592 | D:5      | Reached skill level 11 in Maces & Flails
  5596 | D:5      | Noticed Natasha
  5623 | D:5      | Killed Natasha
  5695 | D:5      | Found a bloodstained altar of Trog.
  5697 | D:5      | Found a radiant altar of Vehumet.
  5894 | D:5      | Noticed Natasha
  5896 | D:5      | Killed Natasha
  6410 | D:6      | Reached skill level 12 in Maces & Flails
  6680 | D:6      | Reached XP level 9. HP: 96/96 MP: 9/9
  6807 | D:6      | Found a snail-covered altar of Cheibriados.
  7952 | D:6      | Reached skill level 10 in Fighting
  8534 | D:7      | Found a glowing golden altar of the Shining One.
  8604 | D:7      | Found a staircase to the Ecumenical Temple.
  8610 | Temple   | Entered the Ecumenical Temple
  8646 | Temple   | Became a worshipper of Warmaster Okawaru
  9473 | D:7      | Found an ancient bone altar of Kikubaaqudgha.
  9805 | D:8      | Reached XP level 10. HP: 100/118 MP: 10/10
  9902 | D:8      | Reached skill level 13 in Fighting
  9938 | D:8      | Acquired Okawaru's first power
 10395 | D:8      | Noticed Prince Ribbit
 10407 | D:8      | Reached skill level 1 in Invocations
 10446 | D:8      | Reached skill level 5 in Throwing
 10713 | D:8      | Reached skill level 14 in Fighting
 11332 | D:8      | Noticed timbw's ghost (experienced DgFi)
 11369 | D:8      | Killed timbw's ghost
 11543 | D:8      | Killed Prince Ribbit
 11834 | D:8      | Reached XP level 11. HP: 124/131 MP: 13/13
 11929 | D:8      | Reached skill level 15 in Fighting
 11935 | D:8      | Got a fine quarterstaff
 12846 | D:9      | Found a blossoming altar of Fedhas.
 13518 | D:9      | Found a staircase to the Lair.
 13850 | Lair:1   | Entered Level 1 of the Lair of Beasts
 13864 | Lair:1   | Found a labyrinth entrance.
 13899 | Lab      | Entered a labyrinth
 14370 | Lab      | Noticed a minotaur
 14374 | Lab      | Killed a minotaur
 14399 | Lab      | Identified Sheocagg's Sophisticated Theurgy
 14452 | Lair:1   | Identified the cursed -2 quarterstaff "Fren" {flame, +Blink} (You took it off a wight on level 8 of the Dungeon)
 14507 | Lair:1   | Found a stormy altar of Qazlal.
 14596 | Lair:1   | Reached skill level 5 in Dodging
 15073 | Lair:1   | Received a gift from Okawaru
 15730 | Lair:2   | Got an ebony flail
 15825 | Lair:2   | Reached XP level 12. HP: 143/143 MP: 14/14
 15929 | Lair:2   | Acquired Okawaru's second power
 15982 | Lair:1   | Received a gift from Okawaru
 16032 | Lair:2   | Reached skill level 1 in Stealth
 16277 | Lair:2   | Noticed a seven-headed hydra
 16342 | Lair:2   | Killed a seven-headed hydra
 16968 | Lair:3   | Got a warped dagger
 17375 | Lair:3   | Noticed a six-headed hydra
 17381 | Lair:3   | Killed a six-headed hydra
 17823 | Lair:3   | Reached skill level 5 in Stealth
 17947 | Lair:4   | Reached skill level 10 in Dodging
 18024 | Lair:4   | Noticed a four-headed hydra
 18062 | Lair:4   | Received a gift from Okawaru
 18100 | Lair:4   | Killed a four-headed hydra
 18100 | Lair:4   | Received a gift from Okawaru
 18250 | Lair:4   | Found a staircase to the Swamp.
 18391 | Lair:4   | Found a hole to the Spider Nest.
 18400 | Lair:4   | Reached skill level 5 in Invocations
 18408 | Lair:4   | Reached XP level 13. HP: 145/150 MP: 21/21
 18575 | Lair:4   | Noticed an eight-headed hydra
 18581 | Lair:4   | Killed an eight-headed hydra
 18581 | Lair:4   | Received a gift from Okawaru
 18582 | Lair:4   | Got an ancient robe {god gift}
 18621 | Lair:3   | Identified the +2 robe of the Butterfly {+Inv SInv} (Okawaru gifted it to you on level 4 of the Lair of Beasts)
 18850 | Lair:4   | Identified the +1 flail of the Purple Skies {crush, Str+6} (You found it on level 2 of the Lair of Beasts)
 18852 | Lair:4   | Identified the +3 dagger of the Scroll {venom, rN+} (You found it on level 3 of the Lair of Beasts)
 19183 | Lair:5   | Got a shimmering broad axe
 19725 | Lair:6   | Noticed Harold
 19976 | Lair:2   | Identified the cursed -2 broad axe of the Messenger {pain, rElec MR+ Int+3} (You found it on level 5 of the Lair of Beasts)
 20021 | D:10     | Entered Level 10 of the Dungeon
 20272 | D:10     | Noticed Erolcha
 20750 | D:11     | Found a staircase to the Orcish Mines.
 21363 | D:11     | Noticed Fannar
 21373 | D:11     | Killed Fannar
 21588 | D:10     | Killed Erolcha
 22058 | Orc:1    | Entered Level 1 of the Orcish Mines
 22356 | Orc:1    | Received a gift from Okawaru
 22363 | Orc:1    | Got an encrusted cloak {god gift}
 22374 | Orc:1    | Identified the +0 cloak of Vexation {Str+2 Dex+4} (Okawaru gifted it to you on level 1 of the Orcish Mines)
 22921 | Orc:3    | Noticed an ettin
 22932 | Orc:3    | Killed an ettin
 23131 | Orc:2    | Found a roughly hewn altar of Beogh.
 23257 | Orc:2    | Found a roughly hewn altar of Beogh.
 23825 | Orc:3    | Reached skill level 15 in Maces & Flails
 24139 | Orc:4    | Entered Level 4 of the Orcish Mines
 24461 | D:12     | Noticed Nergalle
 24806 | Lair:6   | Killed Harold
 24806 | Lair:6   | Reached XP level 14. HP: 159/159 MP: 27/27
 25051 | Lair:6   | Reached skill level 16 in Maces & Flails
 25481 | Lair:6   | Received a gift from Okawaru
 25599 | Lair:6   | Reached skill level 10 in Throwing
 25759 | Lair:6   | Found a staircase to the Slime Pits.
 25868 | Lair:6   | Received a gift from Okawaru
 26188 | Lair:7   | Reached skill level 17 in Maces & Flails
 27168 | Lair:7   | Received a gift from Okawaru
 27169 | Lair:7   | Got an ominously black robe {god gift}
 27759 | Lair:8   | Entered Level 8 of the Lair of Beasts
 28394 | Lair:7   | Identified the +0 robe "Itaan" {rF+ rN+ Int-3} (Okawaru gifted it to you on level 7 of the Lair of Beasts)
 29617 | Lair:8   | Reached XP level 15. HP: 160/167 MP: 27/27
 30174 | Lair:8   | Gained mutation: You have a beak for a mouth. [potion of beneficial mutation]
 31161 | Lair:8   | Received a gift from Okawaru
 31163 | Lair:8   | Got a polished hat {god gift}
 31169 | Lair:8   | Identified the +0 hat of the Echidna {rN+ MR+ Str+3 Int-5 Slay+3} (Okawaru gifted it to you on level 8 of the Lair of Beasts)
 31234 | Lair:8   | Got a jewelled giant spiked club
 31676 | Lair:2   | Identified the +3 giant spiked club of the Special Eyes {drain, rN+ Int+3} (You found it on level 8 of the Lair of Beasts)
 31793 | Orc:4    | Found Klunlau's General Store.
 32443 | Orc:4    | Found a staircase to the Elven Halls.
 33630 | Orc:4    | Found Skocoew's Distillery.
 33632 | Orc:4    | Found Suocwat's Magic Scroll Boutique.
 33634 | Orc:4    | Found Hiheubb's Assorted Antiques.
 33634 | Orc:4    | Found Shesm's Gadget Boutique.
 33745 | Orc:4    | Bought 5 curare-tipped needles for 42 gold pieces
 33972 | D:12     | Killed Nergalle
 35039 | D:13     | Found Kiwicuaclir's Food Shoppe.
 35170 | D:13     | Received a gift from Okawaru
 35341 | D:13     | Got an encrusted dagger
 35556 | D:13     | Received a gift from Okawaru
 35983 | D:14     | Found a glowing golden altar of the Shining One.
 36010 | D:14     | Found a gate to the Vaults.
 36030 | D:14     | Reached XP level 16. HP: 133/185 MP: 28/28
 36037 | D:14     | Reached skill level 18 in Fighting
 36331 | D:14     | Identified a scroll of acquirement
 36334 | D:14     | Got a pitted cloak
 36345 | D:14     | Identified the +1 cloak "Omoqatig" {rElec rN+ MR+ Regen+ Str-4} (You acquired it on level 14 of the Dungeon)
 36632 | D:14     | Noticed Nessos
 36635 | D:14     | Killed Nessos
 37009 | D:15     | Entered Level 15 of the Dungeon
 37273 | D:15     | Noticed Frances
 37288 | D:15     | Killed Frances
 37520 | D:15     | Noticed Sonja
 37581 | D:15     | Killed Sonja
 37753 | D:15     | Found a staircase to the Depths.
 37798 | D:15     | Reached skill level 19 in Fighting
 38053 | D:15     | Found a gateway to a bazaar.
 38060 | Bazaar   | Entered a bazaar
 38078 | Bazaar   | Found Tresm's Magic Scroll Shoppe.
 38078 | Bazaar   | Found Bueklouv's Weapon Emporium.
 38112 | Bazaar   | Found Klomon's Antique Armour Emporium.
 38175 | Bazaar   | Bought a scroll of summoning for 76 gold pieces
 38175 | Bazaar   | Bought a scroll of summoning for 76 gold pieces
 38175 | Bazaar   | Bought a scroll of recharging for 76 gold pieces
 38175 | Bazaar   | Bought a scroll of magic mapping for 28 gold pieces
 38175 | Bazaar   | Bought a scroll of blinking for 60 gold pieces
 38181 | Bazaar   | Bought a +8 blowgun for 667 gold pieces
 38192 | Bazaar   | Identified the +5 dagger of the Wraith {venom, rPois+ Str-5 Int+2 Stlth+} (You found it on level 13 of the Dungeon)
 38460 | Lair:2   | Upgraded the game from 0.16-a0-3820-g492871e to 0.16-a0-3832-g18ec49b
 38544 | Swamp:1  | Entered Level 1 of the Swamp
 38569 | Swamp:1  | Found a frozen archway.
 38571 | Swamp:1  | Noticed Snorg
 38597 | Swamp:1  | Killed Snorg
 38643 | IceCv    | Entered an ice cave
 38887 | IceCv    | Received a gift from Okawaru
 39408 | IceCv    | Received a gift from Okawaru
 39743 | IceCv    | Got a crude battleaxe
 39790 | Swamp:1  | Identified the +5 battleaxe "Sujass" {drain, rN+ Int+3} (You found it in an ice cave)
 39898 | Swamp:1  | Received a gift from Okawaru
 40011 | Swamp:1  | Got a jewelled trident
 40012 | Swamp:1  | Identified the +7 trident "Fuokay" {flame, rPois- rN+ Str-2 Int+5 Dex+3} (You found it on level 1 of the Swamp)
 40408 | Swamp:2  | Received a gift from Okawaru
 40988 | Swamp:2  | Upgraded the game from 0.16-a0-3832-g18ec49b to 0.16-a0-3834-g51c8674
 41074 | Swamp:2  | Reached skill level 20 in Fighting
 41074 | Swamp:2  | Reached XP level 17. HP: 201/201 MP: 29/29
 41167 | Swamp:2  | Received a gift from Okawaru
 41168 | Swamp:2  | Got a fine robe {god gift}
 41300 | Swamp:2  | Identified the +1 robe of Eternal Vigilance {rPois+ rC+ Int+6 Slay-4} (Okawaru gifted it to you on level 2 of the Swamp)
 41649 | Swamp:3  | Noticed Norris
 41674 | Swamp:3  | Killed Norris
 43268 | Swamp:4  | Noticed Jorgrun
 43281 | Swamp:4  | Killed Jorgrun
 43319 | Swamp:4  | Reached skill level 21 in Fighting
 43643 | Swamp:4  | Noticed Roxanne
 43660 | Swamp:4  | Killed Roxanne
 43970 | Swamp:4  | Reached skill level 15 in Dodging
 44734 | Swamp:4  | Upgraded the game from 0.16-a0-3834-g51c8674 to 0.16-a0-3843-ged98c6c
 44760 | Swamp:5  | Entered Level 5 of the Swamp
 45031 | Swamp:5  | Received a gift from Okawaru
 45347 | Swamp:4  | Quit the game

Action                   |  1- 3 |  4- 6 |  7- 9 | 10-12 | 13-15 | 16-18 || total
-------------------------+-------+-------+-------+-------+-------+-------++-------
Melee: Short sword       |    15 |       |       |       |       |       ||    15
       Club              |    30 |       |       |       |       |       ||    30
       Mace              |    35 |   122 |       |       |       |       ||   157
       Unarmed           |    25 |       |       |       |       |       ||    25
       Giant club        |       |    38 |    17 |       |       |       ||    55
       Whip              |       |       |   262 |   493 |       |       ||   755
       Giant spiked club |       |       |       |   300 |  1557 |   767 ||  2624
Throw: Stone             |    43 |    52 |   192 |   127 |     3 |       ||   417
       Large rock        |    11 |    33 |    30 |   129 |   126 |   204 ||   533
       Tomahawk          |     3 |    15 |   102 |    68 |    28 |     7 ||   223
       Javelin           |       |       |     4 |     4 |    28 |     6 ||    42
       Throwing net      |       |       |       |       |     1 |       ||     1
Invok: Heroism           |       |       |       |     6 |     2 |     2 ||    10
       Finesse           |       |       |       |       |     1 |     2 ||     3
Evoke: Wand              |       |       |       |       |     1 |     2 ||     3
       Fan of gales      |       |       |       |       |     1 |       ||     1
  Use: Scroll            |       |     7 |     3 |    16 |    16 |     9 ||    51
       Potion            |       |       |     1 |       |     2 |     2 ||     5
 Stab: Sleeping          |       |     1 |     1 |     1 |     7 |     4 ||    14
       Distracted        |       |     1 |       |     2 |     1 |     2 ||     6
       Invisible         |       |       |       |       |     2 |       ||     2
       Fleeing           |       |       |       |       |     1 |       ||     1
  Eat: Chunk             |     2 |     9 |    26 |    38 |    58 |    24 ||   157
       Fruit             |       |       |       |       |       |     9 ||     9
       Pizza             |       |       |       |       |       |     1 ||     1
